 Dungeon Crawl Stone Soup version 0.28-a0-674-gdaf460b524 (webtiles) character file.

Game seed: 6252733528350710605

389 Demosthentine the Poker (level 6, -2/48 HPs)
             Began as a Merfolk Gladiator on Oct 18, 2021.
             Was a Follower of Zin.
             Slain by Grinder (5 damage)
             ... on level 4 of the Dungeon.
             The game lasted 00:02:42 (3829 turns).

Demosthentine the Poker (Merfolk Gladiator)         Turns: 3829, Time: 00:02:43

Health: -2/48      AC:  7    Str: 16    XL:     6   Next: 79%
Magic:  6/6        EV: 14    Int:  8    God:    Zin [*.....]
Gold:   151        SH:  0    Dex: 15    Spells: 5/5 levels left

rFire   . . .      SeeInvis .   a - +0 trident (venom)
rCold   . . .      Faith    .   (no shield)
rNeg    . . .      Spirit   .   b - +0 leather armour
rPois   .          Reflect  .   c - +0 helmet
rElec   .          Harm     .   (no cloak)
rCorr   .          Rampage  .   l - +2 pair of gloves
Will    .....                   (no boots)
Stlth   +.........              (no amulet)
HPRegen 0.16/turn               (no ring)
MPRegen 0.10/turn               (no ring)

@: mighty
A: (nimble swimmer 2), mertail
a: Renounce Religion, Recite, Donate Gold


You were on level 4 of the Dungeon.
You worshipped Zin.
Zin was aware of your devotion.
You visited 1 branch of the dungeon, and saw 4 of its levels.

You collected 167 gold pieces.
You donated 16 gold pieces to Zin.

Inventory:

Hand Weapons
 a - a +0 trident of venom (weapon)
Missiles
 d - 2 throwing nets (quivered)
Armour
 b - a +0 leather armour (worn)
 c - a +0 helmet (worn)
 g - a +0 buckler
 l - a +2 pair of gloves (worn)
Wands
 k - a wand of flame (11)
Scrolls
 h - a scroll of fog {unknown}
Potions
 e - a potion of lignification
 i - a potion of might
 j - a potion of flight {unknown}


   Skills:
 + Level 4.0 Fighting
 + Level 6.3 Polearms
 - Level 2.0 Throwing
 + Level 2.1 Armour
 + Level 5.7 Dodging
 + Level 1.9 Shields


You had 5 spell levels left.
You didn't know any spells.
Your spell library contained the following spells:

 Spells                   Type           Power      Damage    Failure   Level
 Ozocubu's Armour         Ice            0%         N/A       85%         3
 Iskenderun's Battlesphe  Conj           0%         2d6       100%        5
 Iron Shot                Conj/Erth      0%         9d1       100%        6
 Ozocubu's Refrigeration  Ice            0%         4d5       100%        7
 Spellforged Servitor     Conj/Summ      0%         N/A       100%        7


Dungeon Overview and Level Annotations

Branches:
Dungeon (4/15)
 Temple: D:4-7

Altars:
Zin

Shops:
D:3 *

Annotations:
D:4 Edmund, Grinder


Innate Abilities, Weirdness & Mutations

((You are quick and stealthy near water. (Stealth+, EV+, Speed+++)))
Your lower body shifts to a powerful aquatic tail in water.


Message History

You puncture Grinder!
Grinder is moderately wounded.
Grinder gestures at you.
You suddenly lose the ability to move!
Grinder hits you!
You writhe in agony.
Edmund hits you with a +4 vorpal dire flail.
Grinder hits you but does no damage.
Edmund hits you with a +4 vorpal dire flail!
Grinder gestures at you.
You barely resist. Edmund hits you but does no damage. Grinder hits you.
You writhe in agony.
* * * LOW HITPOINT WARNING * * *
Edmund hits you with a +4 vorpal dire flail.
* * * LOW HITPOINT WARNING * * *
x2 You can move again.
Unknown command.
Unknown command.
Unknown command.
Unknown command.
Unknown command.
You feel very mighty all of a sudden. Grinder barely misses you.
You feel better. Grinder hits you but does no damage.
Edmund says, "A flail is better than a scythe, any day of the week!"
You puncture Grinder!
Grinder is heavily wounded.
Grinder hits you but does no damage.
Your leather armour prevents you from hitting Grinder.
Grinder is heavily wounded.
Grinder hits you.
* * * LOW HITPOINT WARNING * * *
You writhe in agony.
* * * LOW HITPOINT WARNING * * *
You barely miss Grinder.
Grinder is heavily wounded.
Grinder grins, showing sharp teeth.
Grinder hits you.
* * * LOW HITPOINT WARNING * * *
You writhe in agony.
You die...

# #.#...###..# ..
#.##..###.##..# #.
#.....# #.....#
####.#
####..###.##.##
.....
.........###.# ....
########## #.# #..
#.#
#..##############.#
#.@5@.............#
#.#################
.. ##


You could see Edmund and Grinder.

Vanquished Creatures
  A bullfrog zombie (D:3)
  A jelly (D:4)
  3 orc priests
  Ijyb (D:3)
  2 orc wizards (D:4)
  Terence (D:2)
  A gnoll (D:1)
  4 adders
  An adder skeleton (D:4)
  2 dart slugs
  7 orcs
  2 bats (D:3)
  8 endoplasms
  2 giant cockroaches (D:1)
  5 goblins
  15 hobgoblins
  3 jackals (D:1)
  A quokka (D:3)
  8 ball pythons
  3 frilled lizards
  6 kobolds
  4 rats
81 creatures vanquished.

Notes
Turn   | Place    | Note
-------+----------+-------------------------------------------
     0 | D:1      | Demosthentine the Merfolk Gladiator began the quest for the
                  | Orb.
     0 | D:1      | Reached XP level 1. HP: 16/16 MP: 1/1
   237 | D:1      | Reached XP level 2. HP: 23/23 MP: 2/2
  1020 | D:1      | Reached XP level 3. HP: 28/28 MP: 3/3
  1155 | D:1      | Reached skill level 5 in Polearms
  1240 | D:2      | Noticed Terence
  1257 | D:2      | Killed Terence
  1258 | D:2      | Reached skill level 1 in Armour
  1258 | D:2      | Reached XP level 4. HP: 6/35 MP: 4/4
  2377 | D:3      | Reached skill level 5 in Dodging
  2377 | D:3      | Reached XP level 5. HP: 38/41 MP: 5/5
  2589 | D:3      | Noticed Ijyb
  2600 | D:3      | Killed Ijyb
  2793 | D:3      | Reached skill level 1 in Shields
  2828 | D:3      | Found Zin's Purification Station.
  2830 | D:3      | Found a glowing silver altar of Zin.
  2832 | D:3      | Became a worshipper of Zin the Law-Giver
  2832 | D:3      | Reached * piety under Zin
  3138 | D:3      | Reached XP level 6. HP: 47/47 MP: 6/6
  3238 | D:4      | Reached skill level 6 in Polearms
  3816 | D:4      | Noticed Edmund
  3817 | D:4      | Noticed Grinder
  3819 | D:4      | Paralysed by Grinder for 4 turns
  3829 | D:4      | Slain by Grinder

Illustrated notes

Levels and vault maps discovered:
D:1:      giann_horns, layout_basic
D:2:      wad_lake_hut, layout_basic, uniq_terence
D:3:      layout_basic, zin_purify, uniq_ijyb
D:4:      layout_loops_ring, minmay_misc_feat_hallway, grunt_decor_clamped,
          uniq_grinder, uniq_edmund

Skill      XL: |  1  2  3  4  5  6 |
---------------+-------------------+-----
Polearms       | 5 6 |  6.3
Fighting       | 3 4 |  4.0
Armour         | 1 2 |  2.1
Dodging        | 5 |  5.7
Shields        | 1 |  1.9
Throwing       | |  2.0

Action                   |  1- 3 |  4- 6 || total
-------------------------+-------+-------++-------
Melee: Trident           |    82 |   174 ||   256
Throw: Throwing net      |     1 |       ||     1
  Use: Scroll            |       |     5 ||     5
       Potion            |       |     3 ||     3
 Stab: Sleeping          |     2 |     2 ||     4
       Held in net/web   |     1 |       ||     1
Armor: Leather armour    |    11 |    47 ||    58
Dodge: Dodged            |    47 |    82 ||   129

Table legend: (Time is in decaauts)
 A = Elapsed time spent in this place.
 B = Non-inter-level travel time spent in this place.
 C = Inter-level travel time spent in this place.
 D = Time resting spent in this place.
 E = Time spent auto-exploring this place.
 F = Levels seen in this place.
 G = Mean time per level.
                   A        B        C        D        E       F      G
               +--------+--------+--------+--------+--------+-----+--------+
         Total |   3806 |   3714 |     92 |      0 |   3162 |   4 |  951.5 |
       Dungeon |   3806 |   3714 |     92 |      0 |   3162 |   4 |  951.5 |
               +--------+--------+--------+--------+--------+-----+--------+

Top non-repeatable levels by time:
     D:1: 1208 daAuts
     D:2: 1051 daAuts
     D:3: 880 daAuts
     D:4: 665 daAuts
